 Dungeon Crawl Stone Soup version 0.29.1-15-g9cfb28693d (webtiles) character file.

Game seed: 6306159668765157599

8 protoss039 the Digger (level 2, 20/20 HPs)
             Began as a Demonspawn Earth Elementalist on Mar 24, 2023.
             Got out of the dungeon alive.
             The game lasted 00:00:23 (528 turns).

protoss039 the Digger (DsEE)                         Turns: 528, Time: 00:00:24

Health: 20/20      AC:  2    Str:  8    XL:     2   Next: 0%
Magic:  5/5        EV: 12    Int: 16    God:
Gold:   56         SH:  0    Dex: 13    Spells: 4/5 levels left

rFire   . . .      SeeInvis .   (no weapon)
rCold   . . .      Faith    .   (no shield)
rNeg    . . .      Spirit   .   a - +0 robe
rPois   .          Reflect  .   (helmet restricted)
rElec   .          Harm     .   (no cloak)
rCorr   .          Rampage  .   (no gloves)
Will    .....                   (no boots)
Stlth   ++........              (no amulet)
HPRegen 0.06/turn               (no ring)
MPRegen 0.09/turn               (no ring)

@: no status effects
A: horns 1
a: no special abilities


You escaped.
You visited 1 branch of the dungeon, and saw 1 of its levels.

You collected 56 gold pieces.

Inventory:

Armour
 a - a +0 robe (worn)
Potions
 b - a potion of mutation {unknown}
 c - a potion of berserk rage {unknown}


   Skills:
 + Level 0.7 Fighting
 - Level 1.7 Dodging
 - Level 1.7 Stealth
 + Level 2.2 Spellcasting
 - Level 0.8 Transmutations
 + Level 2.9 Earth Magic


You had 4 spell levels left.
You knew the following spells:

 Your Spells              Type           Power      Damage    Failure   Level
a - Sandblast             Erth           22%        2d7       6%          1

Your spell library contained the following spells:

 Spells                   Type           Power      Damage    Failure   Level
 Passwall                 Tmut/Erth      5%         N/A       14%         2
 Stone Arrow              Conj/Erth      12%        3d7       32%         3
 Portal Projectile        Hex/Tloc       2%         N/A       52%         3
 Tukima's Dance           Hex            1%         N/A       52%         3
 Petrify                  Tmut/Erth      7%         N/A       67%         4
 Blade Hands              Tmut           2%         N/A       99%         5


Dungeon Overview and Level Annotations

Branches:
Dungeon (1/15) Zot: 5466

Altars:


Innate Abilities, Weirdness & Mutations

You have a pair of small horns on your head.


Message History

Press: ? - help, Shift-Dir - straight line, f - bat
Aim: a bat (73% to hit)
The blast of sand hits the bat!
You kill the bat!
Unknown command.
You now have 46 gold pieces (gained 19).
A rat comes into view.
A rat is nearby!
A rat is nearby!
Casting: Sandblast (safe; 6% risk of failure)
Confirm with . or Enter, or press ? or * to list all spells.
Aiming: Sandblast (safe; 6% risk of failure)
Press: ? - help, Shift-Dir - straight line, f - rat
Aim: a rat (82% to hit)
The blast of sand hits the rat.
You kill the rat!
Unknown command.
b - a lumpy emerald potion You now have 56 gold pieces (gained 10).
You see here a rat corpse.
A rat comes into view.
A rat is nearby!
The rat barely misses you.
Casting: Sandblast (safe; 6% risk of failure)
Confirm with . or Enter, or press ? or * to list all spells.
Aiming: Sandblast (safe; 6% risk of failure)
Press: ? - help, Shift-Dir - straight line, f - rat
Aim: a rat (82% to hit)
The blast of sand hits the rat.
You kill the rat!
You have reached level 2!
Your demonic ancestry asserts itself...
A pair of horns grows on your head!
Unknown command.
You pick up a book of Weapons and begin reading...
You add the spells Tukima's Dance, Portal Projectile and Blade Hands to your library.
There is an open door here.
There is a staircase leading out of the dungeon here.
Are you sure you want to leave the Dungeon?
This will make you lose the game!
You have escaped!

##................#
################.#
#.## #..## . ##..#
..# ######.## #...#
#.......# ..#
#.###.#>..# ###
+@'.###.# ##### ..#
># ###### . .....#
#. .....## ......#
.#.##.##
.......######


There were no monsters in sight!

Vanquished Creatures
  A bat (D:1)
  An endoplasm (D:1)
  A hobgoblin (D:1)
  A quokka (D:1)
  A ball python (D:1)
  A frilled lizard (D:1)
  2 rats (D:1)
8 creatures vanquished.

Notes
Turn   | Place    | Note
-------+----------+-------------------------------------------
     0 | D:1      | protoss039 the Demonspawn Earth Elementalist began the
                  | quest for the Orb.
     0 | D:1      | Reached XP level 1. HP: 13/13 MP: 3/3
   461 | D:1      | Gained mutation: You have a pair of small horns on your
                  | head. [demonic ancestry]
   461 | D:1      | Reached XP level 2. HP: 20/20 MP: 3/5
   528 | D:$      | Got out of the dungeon alive.

Illustrated notes

Levels and vault maps discovered:
D:1:      dpeg_arrival_tiny_c, layout_rooms,
          shapermc_ecumenical_altar_mp_ritualfount

Action                   || total
-------------------------++-------
Melee: Unarmed           ||     1
 Cast: Sandblast         ||    12
  Use: Potion            ||     1
Dodge: Dodged            ||     6
